 Dungeon Crawl Stone Soup version 0.23.1-37-gaa34b87 (webtiles) character file.

Game seed: 5908659434555873694

39 kae the Charmwright (level 3, 0/28 HPs)
             Began as a Demonspawn Skald on Mar 22, 2019.
             Succumbed to a worker ant's poison
             ... on level 2 of the Dungeon.
             The game lasted 00:01:20 (1161 turns).

kae the Charmwright (Demonspawn Skald)              Turns: 1161, Time: 00:01:21

Health: 0/28       AC:  3    Str:  8 (11) XL:     3   Next: 26%
Magic:  5/6        EV: 11    Int: 12 (14) God:
Gold:   2          SH:  4    Dex: 11 (13) Spells: 1/6 levels left

rFire    . . .     SeeInvis .     - Unarmed
rCold    . . .     Gourm    .   (no shield)
rNeg     . . .     Faith    .   a - +0 leather armour
rPois    .         Spirit   .   (no helmet)
rElec    .         Reflect  .   (no cloak)
rCorr    .         Harm     .   (no gloves)
MR       .....                  (no boots)
Stlth    +.........             (no amulet)
HPRegen  0.09/turn              (no ring)
MPRegen  0.10/turn              (no ring)

@: lethally poisoned (0 -> -9), flying, hasted, very quick
A: hooves 1, large bone plates 1
a: no special abilities


You were on level 2 of the Dungeon.
You were not hungry.

You visited 1 branch of the dungeon, and saw 2 of its levels.

You collected 2 gold pieces.

Inventory:

Armour
 a - a +0 leather armour (worn)
Potions
 g - a potion of haste
 i - a potion of lignification {unknown}
Comestibles
 c - 2 rations


   Skills:
 + Level 2.5 Fighting
 - Level 0.8 Armour
 - Level 1.7 Dodging
 * Level 2.7 Unarmed Combat
 - Level 2.0 Spellcasting
 + Level 3.0 Charms


You had one spell level left.
You knew the following spells:

 Your Spells              Type           Power        Failure   Level  Hunger
a - Infusion              Chrm           #...         11%         1    ##.....
b - Song of Slaying       Chrm           #.......     17%         2    ###....
c - Shroud of Golubria    Chrm/Tloc      #.........   30%         2    ###....

Your spell library contained the following spells:

 Spells                   Type           Power        Failure   Level  Hunger
 Regeneration             Chrm/Necr      #.........   52%         3    ####...
 Spectral Weapon          Hex/Chrm       #.......     52%         3    ####...


Dungeon Overview and Level Annotations

Branches:
Dungeon (2/15)

Altars:


Innate Abilities, Weirdness & Mutations

You have large cloven feet.
You are partially covered in large bone plates. (SH +4)


Message History

* * * LOW HITPOINT WARNING * * *
You feel sick. The worker ant bites you.
* * * LOW HITPOINT WARNING * * *
You hit the worker ant. Your kick misses the worker ant.
The worker ant is almost dead.
* * * LOW HITPOINT WARNING * * *
You feel sick. The worker ant misses you.
It was a potion of degeneration.
There was something very wrong with that liquid.
You feel weakened.
You feel dopey.
You feel clumsy.
You are no longer magically infusing your attacks.
The worker ant closely misses you.
It was a potion of flight.
You feel very buoyant.
You fly up into the air.
* * * LOW HITPOINT WARNING * * *
You feel sick. The worker ant bites you.
* * * LOW HITPOINT WARNING * * *
It was a potion of haste.
You feel yourself speed up.
You die...

#.# #.# #.#
#.# #.# #.#
#.# #.#
##@########..h
#..a..........
##############


You could see a worker ant.

Vanquished Creatures
  A dart slug (D:1)
  A leopard gecko (D:1)
  2 ball pythons (D:1)
  A bat zombie (D:1)
  3 giant cockroaches (D:1)
  4 hobgoblins (D:1)
  A ball python zombie (D:1)
  3 bats (D:1)
  4 frilled lizards (D:1)
  4 goblins (D:1)
  7 kobolds (D:1)
  2 rats (D:1)
33 creatures vanquished.

Notes
Turn   | Place    | Note
-------+----------+-------------------------------------------
     0 | D:1      | kae the Demonspawn Skald began the quest for the Orb.
     0 | D:1      | Reached XP level 1. HP: 16/16 MP: 3/3
   260 | D:1      | Gained mutation: You are partially covered in large bone
                  | plates. (SH +4) [demonic ancestry]
   260 | D:1      | Reached XP level 2. HP: 20/22 MP: 1/5
   547 | D:1      | Reached skill level 3 in Charms
   555 | D:1      | Gained mutation: You have large cloven feet. [demonic
                  | ancestry]
   555 | D:1      | Reached XP level 3. HP: 18/28 MP: 2/6
  1018 | D:2      | Learned a level 2 spell: Song of Slaying
  1021 | D:2      | Learned a level 2 spell: Shroud of Golubria
  1160 | D:2      | HP: 1/28 [worker ant (4)]
  1161 | D:2      | Succumbed to a worker ant's poison

Skill      XL: |  1  2 |
---------------+-------+-----
Unarmed Combat | 2 |  2.7
Charms         | 3 |  3.0
Fighting       | |  2.5
Armour         | |  0.8
Dodging        | |  1.7
Spellcasting   | |  2.0

Action                   || total
-------------------------++-------
Melee: Unarmed           ||   124
       Kick              ||     2
 Cast: Infusion          ||    10
  Use: Potion            ||     3
       Scroll            ||     2
  Eat: Chunk             ||     1
Armor: Leather armour    ||    29
Dodge: Dodged            ||    62
Block: Other             ||    13
